 Dungeon Crawl Stone Soup version 0.13-a0-1693-g8ac13c1 (console) character file.

3173 Kellhus the Slasher (level 9, 55/55 HPs)
             Began as a Vampire Wizard on June 20, 2013.
             Quit the game on Level 7 of the Dungeon.
             The game lasted 00:20:25 (10363 turns).

Kellhus the Slasher (Vampire Wizard)               Turns: 10363, Time: 00:20:25

HP  55/55        AC  4     Str  6      XL: 9   Next: 38%
MP  23/23        EV 12     Int 25      God:
Gold 475         SH  0     Dex 12      Spells:  5 memorised,  9 levels left

Res.Fire  : . . .   See Invis. : +   a - +4,+5 long sword "Meigyg" {elec, +Blink +F Res.Cold : + . . Warding : . u - +0 robe Life Prot.: + . . Conserve : . (no shield)
Res.Poison: +       Res.Corr.  : .   k - +0 wizard hat
Res.Elec. : .       Clarity    : .   (no cloak)
Sust.Abil.: . .     Spirit.Shd : .   j - +1 pair of gloves
Res.Mut.  : .       Stasis     : .   (no boots)
Res.Rott. : .       Flight     : .   (no amulet)
Saprovore : . . .                    v - ring of poison resistance
                                     s - cursed ring of protection from cold

@: regenerating quickly, somewhat resistant to hostile enchantments, stealthy
A: bottle blood, fangs 3, see invisible, unbreathing
a: Bottle Blood, Evoke Blink, Evoke Flight


You were on level 7 of the Dungeon.
You were full.

You visited 1 branch of the dungeon, and saw 7 of its levels.

You collected 455 gold pieces.

Inventory:

Hand weapons
 a - the +4,+5 long sword "Meigyg" (weapon) {elec, +Blink +Fly rN+ Int+2 SInv}
   (You found it on level 5 of the Dungeon)

   Occasionally, upon striking a foe, it will discharge some electrical energy
   and cause terrible harm.
   It affects your intelligence (+2).
   It protects you from negative energy.
   It enhances your eyesight.
   It lets you fly.
   It lets you blink.
 b - a -1 orcish blowgun
 e - a +3,+0 halberd
 f - a +0,-1 spear (quivered)
 g - a -4,-2 orcish short sword
 p - a +1,+1 orcish dagger of holy wrath
 x - a -1,+1 orcish falchion of slicing
 F - a +3,+3 scimitar
Missiles
 m - 34 poisoned needles
 n - 8 needles of paralysis
Armour
 j - a +1 pair of gloves (worn)
 k - a +0 wizard hat (worn)
 u - a +0 robe (worn)
Magical devices
 i - a wand of digging (10) {unknown}
 l - a wand of magic darts (8)
 t - a wand of lightning (8) {unknown}
 y - a wand of cold (7) {unknown}
 E - a wand of frost (0)
Scrolls
 h - a scroll of teleportation
 z - a scroll of remove curse
 B - a scroll of blinking
 D - a scroll of magic mapping
Jewellery
 s - a cursed ring of protection from cold (left hand)
 v - a ring of poison resistance (right hand)
Potions
 d - a potion of agility
 o - a potion of heal wounds
 q - a potion of brilliance
 r - a potion of slowing
 w - 3 potions of curing
Books
 c - a book of Minor Magic

   Spells                             Type                      Level
   *Magic Dart                        Conjuration                  1
   *Blink                             Translocation                2
   Call Imp                           Summoning                    2
   *Repel Missiles                    Charms/Air                   2
   Slow                               Hexes                        2
   *Conjure Flame                     Conjuration/Fire             3
   *Mephitic Cloud                    Conjuration/Poison/Air       3


   Skills:
 + Level 6.4 Long Blades
 - Level 2.1 Dodging
 - Level 3.0 Stealth
 - Level 6.0 Spellcasting
 - Level 6.3 Conjurations
   Level 1.0 Summonings
 - Level 0.7 Translocations


You had 9 spell levels left.
You knew the following spells:

 Your Spells              Type           Power        Failure   Level  Hunger
a - Magic Dart            Conj           ####         1%          1    None
b - Conjure Flame         Conj/Fire      ###.....     8%          3    #......
c - Mephitic Cloud        Conj/Pois/Air  ###.....     12%         3    #......
d - Blink                 Tloc           N/A          10%         2    None
e - Repel Missiles        Chrm/Air       #.........   12%         2    None


Dungeon Overview and Level Annotations

Branches:
Dungeon (7/27)             Temple (0/1) D:7             Orc (0/4) D:6

Altars:
Makhleb
Nemelex Xobeh
Xom


Innate Abilities, Weirdness & Mutations

Your natural rate of healing is unusually fast.
You can bottle blood from corpses.
You have razor-sharp teeth.*
You have supernaturally acute eyesight.
You can survive without breathing.*


Message History

Your ring of protection from cold glows black for a moment.
It was a scroll of curse jewellery.
Read which item? (? for menu, Esc to quit)
As you read the scroll labeled ANASEL RAOTA, it crumbles to dust.
Your +3,+2 scimitar glows red for a moment.
It was a scroll of enchant weapon II.
Read which item? (? for menu, Esc to quit)
Okay, then.
Wield which item (- for none, * to show all)? (? for menu, Esc to quit)
You feel clever.
You hear the crackle of electricity.
a - the long sword "Meigyg" (weapon)
{elec, +Blink +Fly rN+ Int+2 SInv} Read which item? (? for menu, Esc to quit)
Okay, then.
Read which item? (? for menu, Esc to quit)
Okay, then.
Save game and exit?
Welcome back, Kellhus the Vampire Wizard.
Press ? for a list of commands and other information.
Are you sure you want to abandon this character and quit the game? (Confirm with "yes".)

# ####)#.... # #.#.### #########
#)#.#.. ...#....# #.#.#..
##.##.#.# #.#.#.#
#.#..#.###################.#....
#.#.<#.....................###.#
#.#..####################### #.#
#.#...)[.......@# #.#
#.##.##########.# #..
#.).............# #.#
####.############ ### #.#
#####.# ......# #######


There were no monsters in sight!

Vanquished Creatures
  4 ogres
  5 orc warriors
  4 ice beasts
  2 centaurs (D:5)
  A giant frog zombie (D:7)
  3 giant frogs
  5 wights (D:7)
  2 crimson imps
  A quasit (D:5)
  3 orc priests
  2 hounds (D:4)
  2 iguanas
  3 worker ants
  4 orc wizards
  A worker ant zombie (D:6)
  3 gnolls (D:3)
  12 adders
  3 giant mites
  4 worms
  3 giant eyeballs
  A gnoll skeleton (D:2)
  An ooze (D:5)
  35 orcs
  18 bats
  3 giant cockroaches
  15 goblins
  10 hobgoblins
  17 jackals
  4 quokkas
  2 ball pythons
  A giant cockroach zombie (D:2)
  5 giant geckos
  A giant gecko skeleton (D:2)
  5 giant newts
  2 hobgoblin skeletons (D:2)
  12 kobolds
  2 orc skeletons (D:4)
  An orc zombie (D:2)
  A quokka skeleton (D:2)
  9 rats
212 creatures vanquished.

Vanquished Creatures (others)
  An orc (D:6)
  A jackal (D:4)
2 creatures vanquished.

Grand Total: 214 creatures vanquished

Notes
Turn   | Place    | Note
--------------------------------------------------------------
     0 | D:1      | Kellhus, the Vampire Wizard, began the quest for the Orb.
     0 | D:1      | Reached XP level 1. HP: 11/11 MP: 6/6
   100 | D:1      | Reached skill level 1 in Conjurations
   325 | D:1      | Reached XP level 2. HP: 15/17 MP: 1/8
   986 | D:2      | Reached XP level 3. HP: 22/22 MP: 5/10
  1524 | D:2      | Reached XP level 4. HP: 28/28 MP: 4/12
  1883 | D:2      | Learned a level 3 spell: Conjure Flame
  1887 | D:2      | Learned a level 3 spell: Mephitic Cloud
  2372 | D:3      | Reached XP level 5. HP: 23/33 MP: 5/13
  2490 | D:3      | Reached skill level 4 in Conjurations
  3204 | D:4      | Paralysed by a giant eyeball for 2 turns
  3211 | D:4      | Paralysed by a giant eyeball for 2 turns
  3335 | D:4      | Reached XP level 6. HP: 29/39 MP: 6/15
  3545 | D:4      | Found a shimmering altar of Xom.
  3545 | D:4      | Found a shimmering altar of Xom.
  3548 | D:4      | Found a shimmering altar of Xom.
  3675 | D:4      | Found a shimmering altar of Xom.
  3797 | D:4      | Found a shimmering altar of Xom.
  3824 | D:4      | Found a burning altar of Makhleb.
  4213 | D:4      | Reached skill level 5 in Conjurations
  4386 | D:5      | Entered Level 5 of the Dungeon
  4788 | D:5      | Reached XP level 7. HP: 44/44 MP: 1/17
  4955 | D:5      | Got a brightly glowing long sword
  5144 | D:5      | Reached skill level 6 in Conjurations
  6173 | D:6      | Reached skill level 5 in Spellcasting
  6173 | D:6      | Reached XP level 8. HP: 50/50 MP: 6/21
  6279 | D:6      | Found a staircase to the Orcish Mines.
  6752 | D:6      | Paralysed by a giant eyeball for 2 turns
  7131 | D:6      | Identified the long sword "Meigyg" {elec, +Blink +Fly rN+ Int+2 SInv} (You found it on level 5 of the Dungeon)
  7289 | D:6      | Got a scintillating sapphire amulet
  7308 | D:6      | Identified the amulet "Prauclit" {Spirit Str+3 Dam-1} (You found it on level 6 of the Dungeon)
  8326 | D:6      | Learned a level 2 spell: Blink
  8329 | D:6      | Learned a level 2 spell: Repel Missiles
  8463 | D:7      | Found a sparkling altar of Nemelex Xobeh.
  8798 | D:7      | Reached XP level 9. HP: 55/55 MP: 8/23
  9207 | D:7      | Reached skill level 5 in Long Blades
  9705 | D:7      | Found a staircase to the Ecumenical Temple.
 10363 | D:7      | Quit the game

Action                   |  1- 3 |  4- 6 |  7- 9 || total
-------------------------+-------+-------+-------++-------
Melee: Unarmed           |     8 |       |       ||     8
       Spear             |    23 |       |       ||    23
       Long sword        |       |       |    13 ||    13
 Fire: Blowgun           |       |    14 |       ||    14
 Cast: Magic Dart        |   109 |   259 |   397 ||   765
       Mephitic Cloud    |       |     3 |    13 ||    16
       Conjure Flame     |       |     1 |    22 ||    23
Evoke: Wand              |       |       |     8 ||     8
  Use: Potion            |       |     3 |       ||     3
       Scroll            |       |     8 |    10 ||    18
 Stab: Confused          |       |       |     2 ||     2
